 Dungeon Crawl Stone Soup version 0.32-a0-791-gfc315c9ecd (webtiles) character file.

Game seed: 16210965420087351396

306 Alarak the Cleaver (level 6, -6/47 HPs)
             Began as a Gnoll Wanderer on Mar 21, 2024.
             Mangled by an ogre
             ... wielding a +0 giant club
              (10 damage)
             ... on level 4 of the Dungeon.
             The game lasted 00:06:55 (2879 turns).

Alarak the Cleaver (Gnoll Wanderer)                 Turns: 2879, Time: 00:06:55

Health: -6/47      AC:  6    Str: 20    XL:     6   Next: 39%
Magic:  9/9        EV: 11    Int:  6    God:
Gold:   197        SH:  0    Dex: 14    Spells: 9/9 levels left

rFire   . . .        k - +1 great sword (elec)
rCold   . . .        (shield currently unavailable)
rNeg    . . .        e - +0 leather armour
rPois   .            (no helmet)
rElec   .            u - +2 cloak
rCorr   .            (no gloves)
SInv    .            (no boots)
Will    .....        b - amulet of the acrobat
Stlth   +++          s - +6 ring of strength
HPRegen 0.27/turn    (no ring)
MPRegen 0.11/turn

%: acrobat
@: no status effects
A: fangs 1, strong nose, distributed training, dopey 1
a: no special abilities


You were on level 4 of the Dungeon.
You visited 1 branch of the dungeon, and saw 4 of its levels.

You collected 197 gold pieces.

Inventory:

Hand Weapons
 a - a +3 hand axe of freezing
 j - a +0 shortbow
 k - a +1 great sword of electrocution (weapon)
Armour
 c - a +0 cloak
 e - a +0 leather armour (worn)
 i - a +0 ring mail
 u - a +2 cloak (worn)
Jewellery
 b - an amulet of the acrobat (around neck)
 l - an amulet of magic regeneration
 s - a +6 ring of strength (left hand)
Wands
 p - a wand of warping (1)
Scrolls
 d - a scroll of silence
 h - a scroll of enchant weapon
 o - a scroll of blinking {unknown}
Potions
 f - a potion of berserk rage
 g - 3 potions of curing {unknown}
 m - a potion of ambrosia {unknown}
 n - 2 potions of magic {unknown}
 r - a potion of heal wounds {unknown}
 t - a potion of might {unknown}


   Skills:
 + Level 3.3 Fighting
 + Level 2.0 Short Blades
 + Level 2.0 Long Blades
 + Level 8.8 Axes
 + Level 2.0 Maces & Flails
 + Level 2.0 Polearms
 + Level 2.0 Staves
 + Level 2.0 Ranged Weapons
 + Level 2.0 Throwing
 + Level 3.3 Armour
 + Level 3.3 Dodging
 + Level 4.6 Stealth
 + Level 2.0 Shields
 + Level 3.3 Unarmed Combat
 + Level 2.0 Spellcasting
 + Level 1.6 Conjurations
 + Level 1.6 Hexes
 + Level 1.6 Summonings
 + Level 1.6 Necromancy
 + Level 1.6 Translocations
 + Level 1.6 Fire Magic
 + Level 1.6 Ice Magic
 + Level 1.6 Air Magic
 + Level 1.6 Earth Magic
 + Level 1.6 Alchemy
 + Level 2.2 Invocations
 + Level 2.0 Evocations
 + Level 1.8 Shapeshifting


You had 9 spell levels left.
You didn't know any spells.
Your spell library was empty.

Dungeon Overview and Level Annotations

Branches:
Dungeon (4/15)
 Temple: D:4-7

Altars:
Sif Muna
Wu Jian

Shops:
D:1 !


Innate Abilities, Weirdness & Mutations

You have very sharp teeth.
Your uncanny sense of smell can sniff out nearby items.
Your experience applies equally to all skills.
You are dopey. (Int -2)


Message History

Found a mace.
There is an open door here.
You open the door.
There is an open door here.
You open the door.
There is an open door here.
You open the door.
Found a stone staircase leading down.
There is an open door here.
You open the door.
Found a stone staircase leading down.
There is an open door here.
You open the door.
There is an open door here.
You open the door.
There is an open door here.
An ogre comes into view. It is wielding a +0 giant club.
The ogre shouts!
An ogre is nearby!
An ogre is nearby!
An ogre is nearby!
Your +3 hand axe of freezing stops glowing.
You hear the crackle of electricity.
k - a +1 great sword of electrocution (weapon)
You hit the ogre.
The ogre is lightly wounded.
The ogre misses you.
You barely miss the ogre.
The ogre is lightly wounded.
The ogre closely misses you.
The ogre hits you with a +0 giant club!!
Ouch! That really hurt!
You slash the ogre!
The ogre is moderately wounded.
The ogre hits you with a +0 giant club!!
* * * LOW HITPOINT WARNING * * *
You hit the ogre but do no damage.
The ogre is moderately wounded.
The ogre hits you with a +0 giant club!
You die...

....'.....#....#
....#.....#....#
+####.....###'###
..#.............#
..#.............#
..#.............#
..#.............#
###.............######
....#########...@O...#
....#,,,,,,,#........#
....#.......#........#
....#...<...+........#
....#.......#........#
....#.......##########
....#.............,,*
....#.............,,*
....#.............,,*


You could see an ogre.

Vanquished Creatures
  A bullfrog (D:3)
  A bombardier beetle (D:3)
  A sleepcap (D:4)
  An orc wizard (D:4)
  4 gnolls (D:4)
  2 adders
  2 dart slugs (D:3)
  A ribbon worm (D:2)
  6 orcs
  5 ball pythons
  8 bats
  7 endoplasms
  3 giant cockroaches
  12 goblins
  10 hobgoblins
  10 jackals (D:1)
  2 quokkas
  3 frilled lizards
  3 kobolds
  5 rats
87 creatures vanquished.

Notes
Turn   | Place    | Note
-------+----------+-------------------------------------------
     0 | D:1      | Alarak the Gnoll Wanderer began the quest for the Orb.
     0 | D:1      | Alarak set off with the following items: a +2 hand axe, a
                  | potion of mutation, a +0 cloak, a scroll of silence, a +0
                  | leather armour.
     0 | D:1      | Reached XP level 1. HP: 17/17 MP: 1/1
     0 | D:1      | Gained mutation: You are dopey. (Int -2) [potion of
                  | mutation]
   199 | D:1      | Reached XP level 2. HP: 23/23 MP: 2/2
   405 | D:1      | Found Umualeus's Distillery.
   489 | D:1      | Reached XP level 3. HP: 23/28 MP: 3/3
   608 | D:1      | Reached skill level 1 in Invocations
  1148 | D:2      | Reached skill level 1 in Short Blades
  1148 | D:2      | Reached skill level 1 in Long Blades
  1148 | D:2      | Reached skill level 1 in Maces & Flails
  1148 | D:2      | Reached skill level 1 in Polearms
  1148 | D:2      | Reached skill level 1 in Staves
  1148 | D:2      | Reached skill level 1 in Ranged Weapons
  1148 | D:2      | Reached skill level 1 in Throwing
  1148 | D:2      | Reached skill level 1 in Shields
  1148 | D:2      | Reached skill level 1 in Spellcasting
  1148 | D:2      | Reached skill level 1 in Evocations
  1284 | D:2      | Found an ornate altar of the Wu Jian Council.
  1317 | D:2      | Reached skill level 1 in Shapeshifting
  1317 | D:2      | Reached XP level 4. HP: 26/34 MP: 5/5
  1430 | D:3      | Reached skill level 1 in Conjurations
  1430 | D:3      | Reached skill level 1 in Hexes
  1430 | D:3      | Reached skill level 1 in Summonings
  1430 | D:3      | Reached skill level 1 in Necromancy
  1430 | D:3      | Reached skill level 1 in Translocations
  1430 | D:3      | Reached skill level 1 in Fire Magic
  1430 | D:3      | Reached skill level 1 in Ice Magic
  1430 | D:3      | Reached skill level 1 in Air Magic
  1430 | D:3      | Reached skill level 1 in Earth Magic
  1430 | D:3      | Reached skill level 1 in Alchemy
  1741 | D:3      | Found a shimmering blue altar of Sif Muna.
  1867 | D:3      | Reached XP level 5. HP: 32/40 MP: 7/7
  2481 | D:4      | Reached XP level 6. HP: 42/47 MP: 8/8
  2879 | D:4      | Mangled by an ogre

Illustrated notes

Levels and vault maps discovered:
D:1:      co_arrival_square_in_a_square_in_a_square, layout_loops_corners,
          serial_shops, shop
D:2:      layout_rooms, basic_altar, nicolae_concentric_dashed_squares_wild
D:3:      cheibrodos_greedy_goblins, layout_loops_cross, led_sif_pool
D:4:      layout_gridville, nicolae_elevator_lobby_plus

Skill      XL: |  1  2  3  4  5  6 |
---------------+-------------------+-----
Invocations    | 1 2 |  2.2
Short Blades   | 1 2 |  2.0
Long Blades    | 1 2 |  2.0
Maces & Flails | 1 2 |  2.0
Polearms       | 1 2 |  2.0
Staves         | 1 2 |  2.0
Ranged Weapons | 1 2 |  2.0
Throwing       | 1 2 |  2.0
Shields        | 1 2 |  2.0
Spellcasting   | 1 2 |  2.0
Evocations     | 1 2 |  2.0
Shapeshifting  | 1 |  1.8
Conjurations   | 1 |  1.6
Hexes          | 1 |  1.6
Summonings     | 1 |  1.6
Necromancy     | 1 |  1.6
Translocations | 1 |  1.6
Fire Magic     | 1 |  1.6
Ice Magic      | 1 |  1.6
Air Magic      | 1 |  1.6
Earth Magic    | 1 |  1.6
Alchemy        | 1 |  1.6
Fighting       | 3 |  3.3
Armour         | 3 |  3.3
Dodging        | 3 |  3.3
Unarmed Combat | 3 |  3.3
Axes           | |  8.8
Stealth        | |  4.6

Action                     |  1- 3 |  4- 6 || total
---------------------------+-------+-------++-------
  Melee: Hand axe          |    79 |    32 ||   111
         Bite              |     4 |     4 ||     8
         Great sword       |     1 |    30 ||    31
   Fire: Shortbow          |    46 |    61 ||   107
    Use: Potion            |     1 |       ||     1
         Scroll            |       |     7 ||     7
   Stab: Sleeping          |     5 |     1 ||     6
         Distracted        |       |     1 ||     1
 Armour: Leather armour    |    52 |    54 ||   106
  Dodge: Dodged            |    53 |    51 ||   104

Table legend: (Time is in decaauts)
 A = Elapsed time spent in this place.
 B = Non-inter-level travel time spent in this place.
 C = Inter-level travel time spent in this place.
 D = Time resting spent in this place.
 E = Time spent auto-exploring this place.
 F = Levels seen in this place.
 G = Mean time per level.
                   A        B        C        D        E       F      G
               +--------+--------+--------+--------+--------+-----+--------+
         Total |   2911 |   2769 |    142 |    276 |   1934 |   4 |  727.8 |
       Dungeon |   2911 |   2769 |    142 |    276 |   1934 |   4 |  727.8 |
               +--------+--------+--------+--------+--------+-----+--------+

Top non-repeatable levels by time:
     D:1: 1021 daAuts
     D:3: 836 daAuts
     D:4: 537 daAuts
     D:2: 515 daAuts
